 Dungeon Crawl Stone Soup version 0.13-a0-2485-g242ae62 (webtiles) character file.

1027 Grabo the Insei (level 7, -2/52 HPs)
             Began as a Black Draconian Transmuter on July 21, 2013.
             Slain by a centaur (10 damage)
             ... on Level 5 of the Dungeon.
             The game lasted 00:13:23 (4988 turns).

Grabo the Insei (Black Draconian Transmuter)        Turns: 4988, Time: 00:13:23

HP  -2/52        AC  5     Str 12      XL: 7   Next: 71%
MP  10/10        EV 12     Int 13 (14) God:
Gold 169         SH  0     Dex 13      Spells:  2 memorised,  7 levels left

Res.Fire  : . . .   See Invis. : +     - Unarmed
Res.Cold  : . . .   Warding    : .   (armour unavailable)
Life Prot.: . . .   Conserve   : .   (no shield)
Res.Poison: .       Res.Corr.  : .   (helmet restricted)
Res.Elec. : +       Clarity    : .   (no cloak)
Sust.Abil.: . .     Spirit.Shd : .   n - +0 pair of elf gauntlets
Res.Mut.  : .       Stasis     : .   (no boots)
Res.Rott. : .       Flight     : .   (no amulet)
Saprovore : . . .                    u - cursed -2 ring of protection
                                     p - cursed ring of see invisible

@: slightly resistant to hostile enchantments, unstealthy
A: breathe lightning, unfitting armour, stinger 1, deformed body, deterioration
1, electricity resistance, AC +6
a: Breathe Lightning


You were on level 5 of the Dungeon.
You were not hungry.

You visited 1 branch of the dungeon, and saw 5 of its levels.

You collected 149 gold pieces.

Inventory:

Missiles
 b - a dart of flame
 i - 8 stones
 v - 5 javelins (quivered)
 y - 11 arrows
Armour
 n - a +0 pair of elven gauntlets (worn)
Magical devices
 c - a wand of digging (4)
 e - a wand of frost (9)
Comestibles
 a - 4 bread rations
 g - 3 apples
 k - a beef jerky
 m - a choko
 o - a pear
 q - a meat ration
 r - a lychee
 A - 3 rotting chunks of centaur flesh
 D - a chunk of rat flesh
Scrolls
 j - 6 scrolls of identify
 s - a scroll of teleportation
 t - a scroll of enchant weapon II {unknown}
 w - a scroll of curse weapon {unknown}
 C - a scroll of amnesia {unknown}
Jewellery
 p - a cursed ring of see invisible (left hand)
 u - a cursed -2 ring of protection (right hand)
Potions
 f - 2 potions of confusion {unknown}
 z - 2 potions of berserk rage {unknown}
 B - a potion of agility {unknown}
Books
 d - a book of Changes

   Spells                             Type                      Level
   *Beastly Appendage                 Transmutation                1
   *Sticks to Snakes                  Transmutation                2
   Spider Form                        Transmutation/Poison         3
   Ice Form                           Ice/Transmutation            4
   Blade Hands                        Transmutation                5
Magical staves
 h - an uncursed staff of cold


   Skills:
 - Level 1.1 Fighting
 - Level 1.7 Dodging
 * Level 7.9 Unarmed Combat
 - Level 2.0 Spellcasting
 + Level 5.2 Transmutations


You had 7 spell levels left.
You knew the following spells:

 Your Spells              Type           Power        Failure   Level  Hunger
a - Beastly Appendage     Trmt           ##....       3%          1    ##.....
b - Sticks to Snakes      Trmt           ##........   6%          2    ###....


Dungeon Overview and Level Annotations

Branches:
Dungeon (5/27)
 Temple: D:4-7

Altars:
Vehumet


Innate Abilities, Weirdness & Mutations

You can breathe wild blasts of lightning.
Your glossy black scales are hard (AC +6).
Your body does not fit into most forms of armour.
Your cold-blooded metabolism reacts poorly to cold.
You are resistant to electric shocks.
Your tail ends in a poisonous barb.
Your body is misshapen.
Your body is slowly deteriorating.


Message History

A centaur comes into view.
The centaur shouts!
The centaur wields a bow.
The centaur shoots an arrow.
The arrow hits you!
The centaur shoots an arrow.
The arrow hits you!
You see here 2 arrows.
The centaur shoots an arrow.
The arrow hits you!
You see here an arrow.
The centaur shoots an arrow.
The arrow hits you!
* * * LOW HITPOINT WARNING * * *
You see here 2 arrows.
The centaur shoots an arrow.
The arrow hits you!
* * * LOW HITPOINT WARNING * * *
You see here an arrow.
Drink which item? (? for menu, Esc to quit)
You feel better.
The centaur shoots an arrow.
The arrow hits you!
* * * LOW HITPOINT WARNING * * *
The centaur unwields an uncursed bow.
The centaur hits you.
* * * LOW HITPOINT WARNING * * *
The centaur hits you!
You die...

........%.#
#.####.##.#..#...
..........# #.#
#.##.#..#... ##.##...##
### #.##........ #
#...#########...........
'.............##.#..#...
#....####..............
#....####.##..#....#..
.......c.......%.......
........@(......>.....
#.###.####(#.[......#. #
#............
#.#......... #.#.#......
###.##.... #.# .... ...
. ..


You could see a centaur.

Vanquished Creatures
  A centaur (D:5)
  An ogre (D:5)
  2 phantoms (D:4)
  Sigmund (D:2)
  A crimson imp (D:5)
  3 hounds
  A scorpion (D:4)
  A worker ant (D:4)
  Ijyb (D:3)
  Terence (D:3)
  11 gnolls
  7 adders
  A giant mite (D:3)
  A worm (D:3)
  An adder skeleton (D:5)
  A giant eyeball (D:4)
  An ooze (D:3)
  2 orcs
  A ball python (D:4)
  A bat zombie (D:4)
  2 giant cockroaches (D:4)
  7 hobgoblins
  5 jackals
  10 bats
  2 giant geckos
  2 giant newts
  8 goblins
  10 kobolds
  9 rats
95 creatures vanquished.

Vanquished Creatures (others)
  An orc wizard (D:5)
  An adder (D:5)
  A ball python (D:5)
  A kobold (D:5)
  A quokka (D:5)
  A bat (D:5)
  A goblin (D:5)
  A rat (D:5)
8 creatures vanquished.

Grand Total: 103 creatures vanquished

Notes
Turn   | Place    | Note
--------------------------------------------------------------
     0 | D:1      | Grabo, the Draconian Transmuter, began the quest for the Orb.
     0 | D:1      | Reached XP level 1. HP: 16/16 MP: 1/1
   225 | D:1      | Reached XP level 2. HP: 14/23 MP: 3/3
  1010 | D:2      | Reached XP level 3. HP: 26/28 MP: 4/4
  1108 | D:2      | Noticed Sigmund
  1139 | D:2      | Learned a level 2 spell: Sticks to Snakes
  1245 | D:2      | Killed Sigmund
  1245 | D:2      | Reached skill level 4 in Unarmed Combat
  1245 | D:2      | Reached XP level 4. HP: 16/35 MP: 4/6
  1249 | D:2      | Gained mutation: Your body is slowly deteriorating. [potion of mutation]
  1249 | D:2      | Gained mutation: Your tail ends in a poisonous barb. [potion of mutation]
  1249 | D:2      | Gained mutation: Your body is misshapen. [potion of mutation]
  1641 | D:2      | Found a radiant altar of Vehumet.
  1988 | D:3      | Reached XP level 5. HP: 34/40 MP: 7/7
  2045 | D:3      | Noticed Terence
  2081 | D:3      | Killed Terence
  2081 | D:3      | Reached skill level 5 in Unarmed Combat
  2381 | D:3      | Noticed Ijyb
  2395 | D:3      | Killed Ijyb
  2895 | D:4      | Reached XP level 6. HP: 17/47 MP: 7/9
  3462 | D:4      | Reached skill level 6 in Unarmed Combat
  3693 | D:4      | Noticed a phantom
  3725 | D:4      | Killed a phantom
  3881 | D:4      | Your scales start taking on a glossy black colour.
  3881 | D:4      | Gained mutation: You are resistant to electric shocks. [draconian maturity]
  3881 | D:4      | Reached XP level 7. HP: 14/52 MP: 10/10
  4160 | D:4      | Reached skill level 7 in Unarmed Combat
  4552 | D:5      | Entered Level 5 of the Dungeon
  4828 | D:5      | Reached skill level 5 in Transmutations
  4988 | D:5      | Slain by a centaur

Action                   |  1- 3 |  4- 6 |  7- 9 || total
-------------------------+-------+-------+-------++-------
Melee: Unarmed           |    87 |   255 |    65 ||   407
Throw: Stone             |     7 |    14 |       ||    21
       Spear             |     2 |       |       ||     2
       Javelin           |       |    18 |     4 ||    22
       Dart              |       |     2 |       ||     2
 Cast: Beastly Appendage |     3 |     8 |       ||    11
       Sticks to Snakes  |     3 |       |       ||     3
 Abil: Breathe Lightning |       |       |     2 ||     2
Evoke: Wand              |       |     3 |       ||     3
  Use: Scroll            |     5 |     2 |       ||     7
       Potion            |     1 |     2 |     1 ||     4
 Stab: Sleeping          |       |     2 |       ||     2
